 Dungeon Crawl Stone Soup version 0.29-a0-553-g81b289dbe5 (webtiles) character file.

Game seed: 850487014184428641

2697 grumblor the Fighter (level 9, -10/75 HPs)
             Began as a Mummy Fighter on June 6, 2022.
             Killed by divine providence
             ... invoked by an orc priest
              (14 damage)
             ... on level 8 of the Dungeon.
             The game lasted 00:10:42 (8125 turns).

grumblor the Fighter (Mummy Fighter)                Turns: 8125, Time: 00:10:43

Health: -10/75     AC: 15    Str: 23    XL:     9   Next: 38%
Magic:  9/9        EV: 21    Int:  7    God:
Gold:   449        SH:  9    Dex: 12    Spells: 8/8 levels left

rFire   x . .      SeeInvis .   f - +0 hand axe (drain)
rCold   + . .      Faith    .   m - +0 kite shield
rNeg    + + +      Spirit   .   l - +0 chain mail
rPois   ∞          Reflect  .   (no helmet)
rElec   .          Harm     .   s - +0 cloak
rCorr   .          Rampage  .   e - +0 pair of gloves
Will    ++...                   (no boots)
Stlth   ..........              k - amulet of the acrobat
HPRegen 0.22/turn               d - +4 ring of protection
MPRegen 0.11/turn               n - ring of willpower

@: acrobatic
A: cold resistance 1, negative energy resistance 3, torment resistance 2, heat
vulnerability 1, in touch with death 1, no potions
a: no special abilities


You were on level 8 of the Dungeon.
You visited 2 branches of the dungeon, and saw 9 of its levels.
You also visited: Sewer.

You collected 449 gold pieces.

Inventory:

Hand Weapons
 a - a +0 war axe
 f - a +0 hand axe of draining (weapon)
Armour
 e - a +0 pair of gloves (worn)
 l - a +0 chain mail (worn)
 m - a +0 kite shield (worn)
 s - a +0 cloak (worn)
Jewellery
 d - a +4 ring of protection (left hand)
 k - an amulet of the acrobat (around neck)
 n - a ring of willpower (right hand)
Wands
 c - a wand of flame (1)
 j - a wand of paralysis (11)
 t - a wand of iceblast (11)
Scrolls
 b - 5 scrolls of fear
 g - a scroll of summoning
 h - 2 scrolls of teleportation
 i - 3 scrolls of poison
 o - 3 scrolls of identify
 p - 6 scrolls of blinking
 q - 3 scrolls of torment
 r - 2 scrolls of magic mapping


   Skills:
 * Level 8.3 Fighting
 - Level 6.0 Axes
 - Level 2.4 Armour
 * Level 0.1 Dodging
 + Level 5.6 Shields
 * Level 3.6 Evocations


You had 8 spell levels left.
You didn't know any spells.
Your spell library contained the following spells:

 Spells                   Type           Power      Damage    Failure   Level
 Foxfire                  Conj/Fire      0%         2x1d4     100%        1
 Conjure Flame            Conj/Fire      0%         6-21      100%        3
 Inner Flame              Hex/Fire       0%         N/A       100%        3
 Portal Projectile        Hex/Tloc       0%         N/A       100%        3
 Tukima's Dance           Hex            0%         N/A       100%        3
 Flame Wave               Conj/Fire      0%         2d4       100%        4
 Petrify                  Tmut/Erth      0%         N/A       100%        4
 Irradiate                Conj/Tmut      0%         3d13      100%        5
 Sublimation of Blood     Necr           Unusable   N/A       N/A         2
 Blade Hands              Tmut           Unusable   N/A       N/A         5

Dungeon Overview and Level Annotations

Branches:
Dungeon (8/15)             Temple (1/1) D:6           Sewer (visited)
   Lair: D:8-11

Altars:
Ashenzari
Cheibriados
Dithmenos
Elyvilon
Fedhas
Hepliaklqana
Kikubaaqudgha
Makhleb
Nemelex Xobeh
Okawaru
Qazlal
Ru
Sif Muna
Trog
Uskayaw
Vehumet
Wu Jian
Xom
Zin
The Shining One

Shops:
D:6 !


Innate Abilities, Weirdness & Mutations

You are immune to poison.
Your flesh is cold resistant. (rC+)
You are immune to negative energy. (rN+++)
You are immune to unholy pain and torment.
You are vulnerable to heat. (rF-)
You are in touch with the powers of death.
You do not drink.


Message History

You closely miss the orc priest.
The orc priest is severely wounded.
You block the orc's attack.
The orc priest hits you but does no damage.
You barely miss the orc priest.
The orc priest is severely wounded.
The orc priest mumbles some strange prayers to Beogh against you.
Beogh smites you!
The orc hits you from afar with a +0 trident.
Unknown command.
You closely miss the orc priest.
The orc priest is severely wounded.
The orc priest casts a cantrip, but nothing happens.
The orc hits you but does no damage.
Unknown command.
You closely miss the orc priest.
The orc priest is severely wounded.
The orc priest mumbles some strange prayers to Beogh against you.
Beogh smites you! You block the orc's attack.
Unknown command.
You hit the orc priest. You drain the orc priest.
You kill the orc priest!
An orc comes into view. It is wielding a +0 hand axe.
The orc hits you from afar with a +0 trident.
The orc priest attacks as you move away!
You block the orc priest's attack.
The orc priest attacks as you move away!
The orc priest completely misses you.
The orc priest invokes the aid of Beogh against you.
Beogh smites you!
* * * LOW HITPOINT WARNING * * *
The orc priest looks braver for a moment.
The orc priest looks braver for a moment.
The orc priest calls down the wrath of Beogh upon you.
Beogh smites you!
* * * LOW HITPOINT WARNING * * *
The orc priest begins to cast a cantrip, but forgets the words!
The orc priest mumbles some strange prayers to Beogh against you.
Beogh smites you!
You die...

.........o###.#
########.## #
#######Y..#
#.....oo..#
#.#####...# #.#
##### #.#
#o############
#.o......@.#..
##########.#[#
#.#.#######
#.#........ #.#)#
######...#
........<.#######
###.###..........
#...#######


You could see an orc priest.

Vanquished Creatures
  Pikel (D:5)
  A steam dragon (D:6)
  A water moccasin (D:6)
  2 ice beasts
  A sky beast (D:6)
  2 ogres
  A centaur (D:6)
  2 lemures (D:5)
  2 gnoll sergeants
  3 scorpions
  4 necrophages
  A howler monkey (D:5)
  Crazy Yiuf (D:7)
  4 hounds
  3 jellies
  4 orc priests
  Ijyb (D:5)
  4 iguanas
  An orc wizard (D:8)
  6 gnolls
  15 adders
  4 river rats (Sewer)
  A white imp (D:6)
  An ufetubus (D:4)
  A worm (D:3)
  3 dart slugs
  20 orcs
  5 endoplasms
  9 giant cockroaches
  3 goblins
  7 hobgoblins
  9 jackals
  8 kobolds
  8 quokkas
  11 ball pythons
  17 bats
  5 frilled lizards
  4 rats
176 creatures vanquished.

Vanquished Creatures (others)
  3 fungi (D:7)
3 creatures vanquished.

Grand Total: 179 creatures vanquished

Notes
Turn   | Place    | Note
-------+----------+-------------------------------------------
     0 | D:1      | grumblor the Mummy Fighter began the quest for the Orb.
     0 | D:1      | Reached XP level 1. HP: 18/18 MP: 1/1
   201 | D:1      | Reached XP level 2. HP: 23/24 MP: 2/2
   940 | D:2      | Gained mutation: You are in touch with the powers of death.
                  | [Mummy growth]
   940 | D:2      | Reached XP level 3. HP: 30/30 MP: 3/3
  1056 | D:2      | Reached skill level 4 in Fighting
  1165 | D:2      | Reached XP level 4. HP: 36/37 MP: 4/4
  1675 | D:3      | Found a faded altar of an unknown god.
  2090 | D:3      | Reached XP level 5. HP: 43/43 MP: 5/5
  2943 | D:4      | Reached XP level 6. HP: 40/50 MP: 6/6
  3044 | D:4      | Found an iron altar of Okawaru.
  3294 | D:4      | Reached skill level 5 in Fighting
  3700 | D:5      | Entered Level 5 of the Dungeon
  3842 | D:5      | Reached XP level 7. HP: 30/56 MP: 7/7
  4119 | D:5      | Reached skill level 5 in Axes
  4432 | D:5      | Noticed Pikel
  4447 | D:5      | Killed Pikel
  4448 | D:5      | Reached skill level 6 in Fighting
  4448 | D:5      | Reached XP level 8. HP: 43/64 MP: 8/8
  4695 | D:5      | Found a stormy altar of Qazlal.
  4698 | D:5      | Found an ornate altar of the Wu Jian Council.
  4700 | D:5      | Found a shadowy altar of Dithmenos.
  4701 | D:5      | Found a hide-covered altar of Uskayaw.
  4773 | D:5      | Noticed Ijyb
  4786 | D:5      | Killed Ijyb
  4927 | D:6      | Found a glowing drain.
  4948 | Sewer    | Entered a sewer
  5484 | Sewer    | Reached skill level 7 in Fighting
  5968 | D:6      | Found a staircase to the Ecumenical Temple.
  5977 | Temple   | Entered the Ecumenical Temple
  6542 | D:6      | Found Xeqyuhoe's Distillery.
  6567 | D:6      | Reached XP level 9. HP: 63/72 MP: 9/9
  6573 | D:6      | Reached skill level 5 in Shields
  7226 | D:7      | Reached skill level 8 in Fighting
  7873 | D:7      | Found a runed translucent door.
  7874 | D:7      | Noticed Crazy Yiuf
  7883 | D:7      | Killed Crazy Yiuf
  8114 | D:8      | HP: 2/75 [orc priest/divine providence (15)]
  8125 | D:8      | Killed from afar by an orc priest

Illustrated notes

Levels and vault maps discovered:
D:1:      heliophobic_arrival_enchanted_forest, layout_loops_ring
D:2:      layout_loops_ring
D:3:      layout_loops_ring, ebering_ecumenical_altar_abandoned,
          nicolae_concentric_dashed_squares_wild, roderic_roman_lattice,
          minmay_unequal
D:4:      layout_layer_cave, mainiacjoe_overflow_chevrons
D:5:      layout_rooms, mainiacjoe_overflow_alcove_3, uniq_ijyb, uniq_pikel
D:6:      layout_cave_pools, temple_statues, gup_sewer_entry_pipe, serial_shops,
          shop
D:7:      layout_basic, kennysheep_generic_room_12, uniq_crazy_yiuf_cottage
D:8:      layout_loops_ring
Temple:   eino_wide_crystal_templ

Skill      XL: |  1  2  3  4  5  6  7  8  9 |
---------------+----------------------------+-----
Axes           | 2 3 4 5 6 |  6.0
Fighting       | 4 5 6 7 8 |  8.3
Shields        | 3 4 5 |  5.6
Evocations     | 2 3 |  3.6
Armour         | |  2.4
Dodging        | |  0.1

Action                   |  1- 3 |  4- 6 |  7- 9 || total
-------------------------+-------+-------+-------++-------
Melee: War axe           |    83 |   151 |   334 ||   568
       Hand axe          |       |       |    85 ||    85
Throw: Boomerang         |       |     3 |     1 ||     4
       Dart              |       |     2 |     9 ||    11
Evoke: Wand              |       |       |     6 ||     6
  Use: Scroll            |     1 |     6 |     3 ||    10
Armor: Scale mail        |    53 |    28 |       ||    81
       Chain mail        |       |    38 |   250 ||   288
Dodge: Dodged            |    46 |    78 |   155 ||   279
Block: Buckler           |    11 |    18 |       ||    29
       Kite shield       |       |    33 |   213 ||   246

Table legend: (Time is in decaauts)
 A = Elapsed time spent in this place.
 B = Non-inter-level travel time spent in this place.
 C = Inter-level travel time spent in this place.
 D = Time resting spent in this place.
 E = Time spent auto-exploring this place.
 F = Levels seen in this place.
 G = Mean time per level.
                   A        B        C        D        E       F      G
               +--------+--------+--------+--------+--------+-----+--------+
         Total |   8536 |   8384 |    152 |    399 |   6262 |  10 |  853.6 |
       Dungeon |   7519 |   7381 |    138 |    399 |   5549 |   8 |  939.9 |
        Temple |     58 |     45 |     13 |      0 |     33 |   1 |   58.0 |
         Sewer |    957 |    957 |      0 |      0 |    680 |   1 |  957.0 |
               +--------+--------+--------+--------+--------+-----+--------+

Top non-repeatable levels by time:
     D:5: 1615 daAuts
     D:4: 1383 daAuts
     D:6: 1030 daAuts
     D:7: 988 daAuts
   Sewer: 957 daAuts
     D:3: 875 daAuts
     D:1: 789 daAuts
     D:2: 739 daAuts
     D:8: 96 daAuts
  Temple: 58 daAuts
